 Dungeon Crawl Stone Soup version 0.23.2-1-ga50397a (webtiles) character file.

Game seed: 7351301107348105612

110996 prawnwizard the Metallomancer (level 16, -1/104 HPs)
             Began as a Gargoyle Earth Elementalist on May 10, 2019.
             Was a High Priest of Vehumet.
             Shot with an arrow by a naga sharpshooter (22 damage)
             ... on level 3 of the Snake Pit.
             The game lasted 01:51:02 (25395 turns).

prawnwizard the Metallomancer (GrEE)               Turns: 25395, Time: 01:51:03

Health: -1/104     AC: 29    Str: 15    XL:     16   Next: 56%
Magic:  1/47       EV: 15    Int: 25    God:    Vehumet [*****.]
Gold:   430        SH:  6    Dex: 10    Spells: 10/40 levels left

rFire    + + .     SeeInvis .   v - staff of power (curse)
rCold    . . .     Gourm    .   I - +2 buckler
rNeg     + . .     Faith    .   H - +5 scale mail "Giwamenke" {rF+ Str+2}
rPois    ∞         Spirit   .   n - +2 helmet {Int+3}
rElec    +         Reflect  .   V - scarf {cloud immunity}
rCorr    .         Harm     +   S - +0 pair of gloves
MR       +....                  c - +1 pair of boots
Stlth    ..........             T - amulet of harm
HPRegen  0.27/turn              O - ring "Onuwuph" {rF+ EV+4}
MPRegen  0.30/turn              y - ring of wizardry

@: no status effects
A: big wings, negative energy resistance 1, electricity resistance, unbreathing,
petrification resistance, rot immunity, AC +12
a: Fly, Renounce Religion


You were on level 3 of the Snake Pit.
You worshipped Vehumet.
Vehumet was extremely pleased with you.
You were not hungry.

You visited 4 branches of the dungeon, and saw 23 of its levels.

You collected 1210 gold pieces.
You spent 780 gold pieces at shops.

Inventory:

Hand Weapons
 R - the +9 rapier of the Hidden Vale {vamp, Dex+2}
   (You found it on level 1 of the Snake Pit)

   It inflicts no extra harm, but heals its wielder when it wounds a living foe.
   It affects your dexterity (+2).
Armour
 c - a +1 pair of boots (worn)
 n - a +2 helmet of intelligence (worn)
 p - a +0 scale mail of fire resistance
 H - the +5 scale mail "Giwamenke" (worn) {rF+ Str+2}
   (You found it on level 11 of the Dungeon)

   It affects your strength (+2).
   It protects you from fire.
 I - a +2 buckler (worn)
 J - a +2 robe of positive energy
 Q - the +2 scale mail "Soprox" {SInv}
   (You found it on level 12 of the Dungeon)

   It lets you see invisible.
 S - a +0 pair of gloves (worn)
 V - a scarf of cloud immunity (worn)
Magical Staves
 v - a cursed staff of power (weapon)
Jewellery
 l - an uncursed ring of magical power
 y - a ring of wizardry (right hand)
 z - an uncursed ring of positive energy
 G - an uncursed ring of resist corrosion
 O - the ring "Onuwuph" (left hand) {rF+ EV+4}
   (You found it on level 12 of the Dungeon)

   [ring of evasion]

   It affects your evasion (+4).
   It protects you from fire.
 T - an amulet of harm (around neck)
Scrolls
 e - a scroll of silence
 g - 2 scrolls of acquirement {unknown}
 j - a scroll of magic mapping
 o - 2 scrolls of amnesia
 q - 2 scrolls of blinking
 s - 8 scrolls of fog
 t - 3 scrolls of enchant armour
 x - a scroll of enchant weapon
 D - 6 scrolls of teleportation
 E - a scroll of fear
 M - 6 scrolls of remove curse
Potions
 a - 5 potions of agility
 f - 10 potions of might
 h - 3 potions of lignification
 i - 2 potions of berserk rage
 k - 2 potions of invisibility
 m - 8 potions of curing
 r - 3 potions of cancellation
 u - a potion of haste
 w - 3 potions of heal wounds
 A - 6 potions of brilliance
 B - 4 potions of mutation
 K - 3 potions of magic
 L - a potion of ambrosia
 U - 2 potions of resistance
Miscellaneous
 C - a fan of gales
 P - a phial of floods
 W - a crystal ball of energy
Comestibles
 d - 25 rations


   Skills:
 - Level 13.3 Fighting
 - Level 3.3 Short Blades
   Level 1.0 Maces & Flails
 + Level 5.2 Dodging
 - Level 2.1 Stealth
 - Level 4.1 Shields
 + Level 12.8 Spellcasting
 + Level 9.2 Conjurations
 - Level 0.7 Transmutations
 * Level 21.4 Earth Magic


You had 10 spell levels left.
You knew the following spells:

 Your Spells              Type           Power        Failure   Level  Hunger
a - Sandblast             Erth           ######       0%          1    None
b - Stone Arrow           Conj/Erth      ######       1%          3    None
c - Lee's Rapid Deconstr  Erth           #######...   1%          5    ###....
d - Passwall              Tmut/Erth      ######..     1%          2    None
e - Petrify               Tmut/Erth      ######..     1%          4    None
f - Iron Shot             Conj/Erth      #######...   1%          6    #####..
g - Shatter               Erth           #######...   24%         9    #######

Your spell library contained the following spells:

 Spells                   Type           Power        Failure   Level  Hunger
 Conjure Ball Lightning   Conj/Air       #####.....   34%         6    #####..
 Leda's Liquefaction      Hex/Erth       ######....   1%          4    None
 Bolt of Magma            Conj/Fire/Erth ######....   1%          5    ###....
 Borgnjor's Vile Clutch   Necr/Erth      ######....   2%          5    ###....
 Animate Skeleton         Necr           N/A          6%          1    None
 Confusing Touch          Hex            ###...       6%          1    None
 Pain                     Necr           ###.         6%          1    None
 Iskenderun's Battlesphe  Conj/Chrm      #####...     8%          5    ###....
 Venom Bolt               Conj/Pois      #####.....   8%          5    ###....
 Corpse Rot               Necr           N/A          10%         2    None
 Confuse                  Hex            ###.....     19%         3    None
 Gell's Gravitas          Tloc           ###.......   19%         3    None
 Recall                   Summ/Tloc      N/A          19%         3    None
 Regeneration             Chrm/Necr      ###.......   19%         3    None
 Orb of Destruction       Conj           ######....   28%         7    ######.
 Yara's Violent Unravell  Hex/Tmut       ###.......   34%         5    ###....
 Animate Dead             Necr           N/A          50%         4    None
 Cause Fear               Hex            ###.......   50%         4    None
 Agony                    Necr           ###.....     83%         5    ###....
 Aura of Abjuration       Summ           ###.......   83%         5    ###....
 Metabolic Englaciation   Hex/Ice        ###.......   83%         5    ###....
 Silence                  Hex/Air        ###.......   83%         5    ###....
 Summon Demon             Summ           ###.......   83%         5    ###....
 Summon Forest            Summ/Tloc      ###.......   83%         5    ###....
 Summon Mana Viper        Hex/Summ       ###.....     83%         5    ###....
 Spellforged Servitor     Conj/Summ      #####.....   83%         7    ######.
 Hydra Form               Tmut           ###.......   99%         6    #####..
 Death Channel            Necr           ###.......   100%        6    #####..
 Deflect Missiles         Chrm/Air       ###.......   100%        6    #####..
 Shadow Creatures         Summ           N/A          100%        6    #####..
 Simulacrum               Ice/Necr       ###.......   100%        6    #####..
 Summon Hydra             Summ           ###.......   100%        7    ######.
 Discord                  Hex            ###.......   100%        8    #######
 Sublimation of Blood     Necr           Unusable     N/A         2    N/A
 Statue Form              Tmut/Erth      Unusable     N/A         6    N/A

Dungeon Overview and Level Annotations

Branches:
Dungeon (13/15)            Temple (1/1) D:4            Lair (6/6) D:11
  Swamp (0/4) Lair:4        Snake (3/4) Lair:2        Slime (0/5) Lair:5
    Orc (0/2) D:9
 Vaults: D:13-14

Altars:
Ashenzari
Cheibriados
Dithmenos
Elyvilon
Fedhas
Gozag
Hepliaklqana
Kikubaaqudgha
Makhleb
Nemelex Xobeh
Okawaru
Qazlal
Ru
Sif Muna
Trog
Uskayaw
Vehumet
Wu Jian
Xom
Yredelemnul
Zin
The Shining One

Shops:
D:5 *   D:8 *   D:11 [   Snake:1 :

Annotations:
Snake:2 2 transporters, cstieg1's ghost, adept DEFE


Innate Abilities, Weirdness & Mutations

You are resistant to torment.
Your stone body is resilient. (AC +12)
You are immune to poison.
Your large and strong wings let you fly indefinitely.
You resist negative energy. (rN+)
You are resistant to electric shocks. (rElec)
You can survive without breathing.
You are immune to petrification.
You are immune to rotting.


Message History

Confirm with . or Enter, or press ? or * to list all spells.
Okay, then.
Casting: Sandblast (safe; 0% risk of failure)
Confirm with . or Enter, or press ? or * to list all spells.
Aiming: Stone Arrow (safe; 1% risk of failure)
Press: ? - help, Shift-Dir - straight line, f/p - mana viper
Aim: a mana viper (lightly wounded)
The stone arrow hits the mana viper!
The mana viper is moderately wounded.
The mana viper bites you but does no damage.
The naga sharpshooter gestures wildly while chanting.
The naga sharpshooter magically shoots an arrow.
The arrow hits you.
* * * LOW HITPOINT WARNING * * *
You see here 2 arrows.
You block the mana viper's attack.
The naga sharpshooter casts a spell.
The naga sharpshooter magically shoots an arrow.
The arrow hits you!!
You die...

#.......########......N
######)## #..((... #.#
#....... #N# ##.....#
#.# #.###.# #.# #.# #.#
#.# #.# ..# #S# ... ...
#@######## ###.##.
#>........ #.########
#.# #.#### #. #....#
... ####.#######.#
#..........
####.......# .###.


You could see a naga sharpshooter and a mana viper.

Vanquished Creatures
  Nikola (Snake:1)
  A nagaraja (Snake:3)
  Aizul (Snake:2)
  Snorg (D:10)
  Harold (Lair:1)
  7 hydras
  10 anacondas
  7 naga warriors
  A centaur warrior (D:12)
  A catoblepas (Lair:6)
  Erica (D:11)
  3 two-headed ogres
  A tengu warrior (D:12)
  7 naga sharpshooters
  3 shock serpents
  Nergalle (D:10)
  3 skeletal warriors (D:12)
  A salamander mystic (Snake:3)
  An unseen horror (D:12)
  8 naga ritualists
  A lindwurm (Lair:6)
  A wizard (D:12)
  10 mana vipers
  A deep elf mage (D:12)
  4 ugly things
  2 manticores
  A cyclops (D:11)
  11 salamanders
  A black mamba (shapeshifter) (D:12)
  28 black mambas
  A guardian serpent (Snake:2)
  3 centaur zombies
  25 elephants
  A gargoyle (D:12)
  9 naga magi
  A kobold demonologist (D:12)
  6 komodo dragons
  11 spiny frogs
  A rime drake (Lair:3)
  A tengu conjurer (D:12)
  2 trolls (D:11)
  11 polar bears
  2 raiju (Lair:6)
  A hornet (Lair:2)
  16 blink frogs
  7 hippogriffs
  A centaur simulacrum (D:11)
  A shadow (D:11)
  A wyvern (D:10)
  29 yaks
  A steam dragon (Lair:4)
  A hungry ghost (D:7)
  4 basilisks
  20 nagas
  4 wargs (Lair:6)
  A soldier ant (D:11)
  15 hell hounds (Lair:6)
  25 water moccasins
  5 porcupines
  4 orc warriors
  5 sky beasts
  12 black bears
  2 ice beasts
  An eye of draining (D:12)
  17 wolves
  5 ogres
  4 centaurs
  18 crocodiles
  13 bullfrogs
  3 big kobolds
  A wyvern zombie (D:6)
  5 scorpions
  A water moccasin zombie (D:11)
  18 wights
  10 killer bees
  8 howler monkeys
  7 crimson imps
  A bullfrog zombie (D:7)
  3 bullfrog skeletons
  5 orc priests
  4 centaur skeletons
  4 hounds
  4 jellies
  4 iguanas
  13 orc wizards
  Jessica (D:2)
  Terence (D:2)
  7 worker ants
  A killer bee zombie (D:5)
  A hound zombie (D:6)
  A worker ant zombie (D:10)
  8 gnolls
  2 howler monkey skeletons
  15 adders
  2 shadow imps
  10 oozes
  An adder skeleton (D:7)
  A worm (D:2)
  2 dart slugs
  8 leopard geckos
  32 orcs
  7 bats
  6 giant cockroaches
  4 goblins
  7 hobgoblins
  22 jackals
  25 kobolds
  6 quokkas
  5 ball pythons
  7 frilled lizards
  2 giant cockroach zombies (D:6)
  2 leopard gecko skeletons
  10 rats
  2 fungi
  A plant (Lair:5)
697 creatures vanquished.

Vanquished Creatures (others)
  26 fungi
  15 plants
  11 toadstools (D:2)
52 creatures vanquished.

Grand Total: 749 creatures vanquished

Notes
Turn   | Place    | Note
-------+----------+-------------------------------------------
     0 | D:1      | prawnwizard the Gargoyle Earth Elementalist began the quest
                  | for the Orb.
     0 | D:1      | Reached XP level 1. HP: 10/10 MP: 3/3
    96 | D:1      | Reached skill level 4 in Earth Magic
    96 | D:1      | Reached XP level 2. HP: 7/15 MP: 0/5
   513 | D:1      | Reached XP level 3. HP: 15/19 MP: 6/6
   571 | D:1      | You fall through a shaft!
  1127 | D:2      | Reached skill level 5 in Earth Magic
  1233 | D:2      | Noticed an air elemental
  1235 | D:2      | Found a stormy altar of Qazlal.
  1237 | D:2      | Noticed a water elemental
  1237 | D:2      | Noticed an earth elemental
  1237 | D:2      | Noticed a fire elemental
  1238 | D:2      | Noticed Terence
  1246 | D:2      | Killed Terence
  1246 | D:2      | Reached skill level 1 in Maces & Flails
  1246 | D:2      | Reached XP level 4. HP: 24/24 MP: 1/8
  1880 | D:2      | Noticed Jessica
  1885 | D:2      | Killed Jessica
  1885 | D:2      | Reached XP level 5. HP: 28/28 MP: 6/9
  2064 | D:2      | Reached skill level 6 in Earth Magic
  2376 | D:2      | Reached XP level 6. HP: 32/32 MP: 7/10
  2427 | D:2      | Learned a level 3 spell: Stone Arrow
  2730 | D:3      | Found a shattered altar of Ashenzari.
  3046 | D:3      | Found a sparkling altar of Nemelex Xobeh.
  3172 | D:4      | Found a sparkling altar of Nemelex Xobeh.
  3285 | D:4      | Reached skill level 1 in Fighting
  3384 | D:4      | Reached skill level 7 in Earth Magic
  3476 | D:4      | Noticed a +0 dagger
  3476 | D:4      | Noticed a +0 hand axe
  3479 | D:4      | Found a hide-covered altar of Uskayaw.
  3514 | D:4      | Reached XP level 7. HP: 38/39 MP: 6/12
  4133 | D:4      | Found a staircase to the Ecumenical Temple.
  4257 | Temple   | Entered the Ecumenical Temple
  4351 | Temple   | Became a worshipper of Vehumet
  4380 | D:4      | Learned a level 5 spell: Lee's Rapid Deconstruction
  4383 | D:4      | Learned a level 2 spell: Passwall
  4753 | D:5      | Entered Level 5 of the Dungeon
  4759 | D:5      | Reached skill level 8 in Earth Magic
  5036 | D:5      | Found a bloodstained altar of Trog.
  5146 | D:5      | Found Bulidoj's Assorted Antiques.
  5425 | D:6      | Reached XP level 8. HP: 46/46 MP: 5/14
  5635 | D:6      | Reached * piety under Vehumet
  5635 | D:6      | Offered knowledge of Magic Dart by Vehumet.
  5684 | D:6      | Reached skill level 9 in Earth Magic
  6081 | D:6      | Found a bloodstained altar of Trog.
  6454 | D:6      | Reached skill level 5 in Spellcasting
  6792 | D:6      | Learned a level 4 spell: Petrify
  6879 | D:7      | Reached skill level 10 in Earth Magic
  6959 | D:7      | Reached XP level 9. HP: 53/53 MP: 2/17
  6964 | D:7      | Reached ** piety under Vehumet
  6964 | D:7      | Offered knowledge of Throw Flame by Vehumet.
  6964 | D:7      | Reached skill level 5 in Fighting
  7217 | D:7      | Found a shimmering altar of Xom.
  7625 | D:7      | Reached skill level 11 in Earth Magic
  7912 | D:8      | Offered knowledge of Throw Frost by Vehumet.
  7934 | D:8      | Found a glowing golden altar of the Shining One.
  7974 | D:8      | Reached *** piety under Vehumet
  8216 | D:8      | Found Iliogrupua's General Store.
  8246 | D:8      | Reached skill level 12 in Earth Magic
  8280 | D:8      | Reached XP level 10. HP: 60/61 MP: 19/19
  8738 | D:9      | Offered knowledge of Sticky Flame by Vehumet.
  8762 | D:9      | Found a staircase to the Orcish Mines.
  9603 | D:10     | Entered Level 10 of the Dungeon
  9630 | D:10     | Noticed Nergalle
  9904 | D:10     | Noticed Snorg
  9919 | D:10     | Killed Snorg
  9919 | D:10     | Reached skill level 13 in Earth Magic
 10305 | D:10     | Killed Nergalle
 10533 | D:10     | Reached XP level 11. HP: 68/68 MP: 22/22
 10568 | D:10     | Noticed a two-headed ogre
 10572 | D:10     | Killed a two-headed ogre
 10572 | D:10     | Reached skill level 14 in Earth Magic
 10908 | D:11     | Reached **** piety under Vehumet
 11116 | D:11     | Noticed Erica
 11133 | D:11     | Killed Erica
 11141 | D:11     | Noticed a two-headed ogre
 11337 | D:11     | Killed a two-headed ogre
 11337 | D:11     | Offered knowledge of Iskenderun's Battlesphere by Vehumet.
 11597 | D:11     | Reached skill level 15 in Earth Magic
 11772 | D:11     | Got an ancient scale mail
 11783 | D:11     | Identified the +5 scale mail "Giwamenke" {rF+ Str+2} (You
                  | found it on level 11 of the Dungeon)
 11857 | D:11     | Found Lipreree's Antique Armour Shop.
 11877 | D:11     | Noticed a brown ugly thing
 11881 | D:11     | Killed a brown ugly thing
 11896 | D:11     | Noticed a red ugly thing
 11913 | D:11     | Killed a red ugly thing
 11913 | D:11     | Reached XP level 12. HP: 77/77 MP: 25/25
 12088 | D:11     | Reached skill level 10 in Fighting
 12137 | D:11     | Reached skill level 16 in Earth Magic
 12138 | D:11     | Reached ***** piety under Vehumet
 12142 | D:11     | Offered knowledge of Ozocubu's Refrigeration by Vehumet.
 12370 | D:11     | Found a staircase to the Lair.
 12631 | D:12     | Noticed a two-headed ogre
 12635 | D:12     | Killed a two-headed ogre
 12845 | D:12     | You fall through a shaft!
 12845 | D:13     | Noticed a death knight
 13153 | D:12     | Got a scorched marble ring
 13190 | D:12     | Reached skill level 10 in Spellcasting
 13190 | D:12     | Reached skill level 17 in Earth Magic
 13254 | D:12     | Noticed a tengu warrior
 13259 | D:12     | Killed a tengu warrior
 13259 | D:12     | Reached XP level 13. HP: 81/84 MP: 10/27
 13299 | D:12     | Got a transparent scale mail
 13311 | D:12     | Identified the +2 scale mail "Soprox" {SInv} (You found it
                  | on level 12 of the Dungeon)
 13409 | D:12     | Identified Kikubaaqudgha's Tome of Evil
 13685 | D:12     | Identified the ring "Onuwuph" {rF+ EV+4} (You found it on
                  | level 12 of the Dungeon)
 13807 | Lair:1   | Entered Level 1 of the Lair of Beasts
 13807 | Lair:1   | Noticed Harold
 13811 | Lair:1   | Killed Harold
 13811 | Lair:1   | Reached skill level 1 in Shields
 14764 | Lair:2   | Found a staircase to the Snake Pit.
 15594 | Lair:3   | Reached skill level 18 in Earth Magic
 15894 | Lair:3   | Reached skill level 1 in Conjurations
 16743 | Lair:4   | Offered knowledge of Freezing Cloud by Vehumet.
 16818 | Lair:4   | Gained mutation: Your large and strong wings let you fly
                  | indefinitely. [Gargoyle growth]
 16818 | Lair:4   | Reached XP level 14. HP: 64/92 MP: 9/28
 17144 | Lair:4   | Found a staircase to the Swamp.
 18197 | Lair:5   | Reached skill level 19 in Earth Magic
 18280 | Lair:5   | Learned a level 6 spell: Iron Shot
 18315 | Lair:5   | Found a staircase to the Slime Pits.
 18493 | Lair:6   | Entered Level 6 of the Lair of Beasts
 18526 | Lair:5   | Offered knowledge of Bolt of Fire by Vehumet.
 19087 | Lair:6   | Reached skill level 5 in Conjurations
 20153 | Lair:6   | Reached XP level 15. HP: 69/98 MP: 21/30
 20948 | D:8      | Bought a book of the Earth for 780 gold pieces
 20958 | D:8      | Learned a level 9 spell: Shatter
 21105 | Snake:1  | Entered Level 1 of the Snake Pit
 21108 | Snake:1  | Offered knowledge of Irradiate by Vehumet.
 21185 | Snake:1  | Reached skill level 20 in Earth Magic
 21347 | Snake:1  | Got an ichor-stained rapier
 21350 | Snake:1  | Identified the +9 rapier of the Hidden Vale {vamp, Dex+2}
                  | (You found it on level 1 of the Snake Pit)
 21535 | Snake:1  | Reached skill level 1 in Short Blades
 21902 | Snake:1  | Noticed Nikola
 21908 | Snake:1  | Killed Nikola
 22498 | Snake:1  | Found Geff's Book Emporium.
 23279 | Snake:2  | Found a transporter.
 23280 | Snake:2  | Noticed cstieg1's ghost (adept DEFE)
 23291 | Snake:2  | Found a transporter.
 23909 | Snake:2  | Offered knowledge of Conjure Ball Lightning by Vehumet.
 24045 | Snake:2  | Noticed Aizul
 24051 | Snake:2  | Killed Aizul
 24598 | Snake:2  | Reached XP level 16. HP: 93/104 MP: 31/32
 24899 | Snake:3  | Noticed a nagaraja
 24905 | Snake:3  | Killed a nagaraja
 24906 | Snake:3  | Reached skill level 21 in Earth Magic
 25310 | Snake:3  | Reached skill level 5 in Dodging
 25395 | Snake:3  | Shot with an arrow by a naga sharpshooter

Skill      XL: |  1  2  3  4  5  6  7  8  9 10 11 12 13 14 15 16 |
---------------+-------------------------------------------------+-----
Earth Magic    | 4 5 6 7 8 10 12 13 15 17 18 19 20 21 | 21.4
Maces & Flails | 1 |  1.0
Spellcasting   | 3 4 5 6 7 9 10 11 12 | 12.8
Dodging        | 2 4 5 |  5.2
Fighting       | 1 3 4 6 8 9 11 12 13 | 13.3
Shields        | 4 |  4.1
Conjurations   | 3 6 8 9 |  9.2
Short Blades   | 3 |  3.3
Stealth        | |  2.1
Transmutations | |  0.7

Action                   |  1- 3 |  4- 6 |  7- 9 | 10-12 | 13-15 | 16-18 || total
-------------------------+-------+-------+-------+-------+-------+-------++-------
Melee: Whip              |   136 |   191 |   120 |       |       |       ||   447
       Unarmed           |    13 |       |       |       |       |       ||    13
       Spear             |       |       |    66 |   190 |   626 |       ||   882
       Rapier            |       |       |       |       |   110 |       ||   110
       Staff             |       |       |       |       |       |     1 ||     1
 Cast: Sandblast         |    17 |    51 |    97 |   124 |   173 |    53 ||   515
       Stone Arrow       |       |     2 |    44 |    34 |    23 |     1 ||   104
       Lee's Rapid Decon |       |       |    10 |    79 |   130 |    23 ||   242
       Iron Shot         |       |       |       |       |    41 |    14 ||    55
       Petrify           |       |       |       |       |     2 |       ||     2
  Use: Scroll            |       |     1 |    12 |     4 |    18 |       ||    35
 Stab: Sleeping          |       |     1 |       |       |       |       ||     1
       Petrified         |       |       |       |       |     1 |       ||     1
  Eat: Chunk             |     1 |     8 |    17 |    25 |    30 |     2 ||    83
       Ration            |       |       |     1 |     2 |    11 |     2 ||    16
Armor: Robe              |    45 |   113 |    92 |       |       |       ||   250
       Scale mail        |       |       |    30 |   193 |   488 |    30 ||   741
Dodge: Dodged            |   125 |   170 |   134 |   118 |   585 |    26 ||  1158
Block: Buckler           |       |       |       |    58 |   348 |    11 ||   417
